 Dungeon Crawl Stone Soup version 0.21-a0-380-gd65dc97 (webtiles) character file.

11757 Drevant the Reanimator (level 11, -5/92 HPs)
             Began as a Mummy Necromancer on Oct 18, 2017.
             Was a High Priest of Nemelex Xobeh.
             Slain by a killer bee (7 damage)
             ... summoned by the player character
             ... on level 3 of the Lair of Beasts.
             The game lasted 01:16:06 (19785 turns).

Drevant the Reanimator (Mummy Necromancer)         Turns: 19785, Time: 01:16:06

Health: -5/92      AC:  5    Str: 15    XL:     11   Next: 53%
Magic:  13/18      EV: 12    Int: 18    God:    Nemelex Xobeh [*****.]
Gold:   445        SH:  0    Dex: 12    Spells: 7/20 levels left

rFire    x . .     SeeInvis .   m - +0 dagger (venom)
rCold    + . .     Gourm    .   (no shield)
rNeg     + + +     Faith    .   a - +2 robe
rPois    ∞         Spirit   .   (no helmet)
rElec    .         Reflect  .   (no cloak)
rCorr    .         Harm     .   I - +0 pair of gloves {Str+3}
MR       +....                  (no boots)
Stlth    +.........             (no amulet)
HPRegen  0.25/turn              (no ring)
MPRegen  0.16/turn              (no ring)

@: very slow
A: no food or potions, fire vulnerability, cold resistance 1, negative energy
resistance 3, torment resistance, unbreathing
a: Triple Draw, Deal Four, Stack Five, Renounce Religion


You were on level 3 of the Lair of Beasts.
You worshipped Nemelex Xobeh.
Nemelex Xobeh was extremely pleased with you.
You were not hungry.

You visited 2 branches of the dungeon, and saw 12 of its levels.
You visited the Abyss 1 time.

You collected 617 gold pieces.
You spent 172 gold pieces at shops.

Inventory:

Hand Weapons
 e - a +0 dagger
 g - a +1 dagger of flaming
 m - a +0 dagger of venom (weapon)
Missiles
 f - 415 stones (quivered)
 l - 3 javelins
Armour
 a - a +2 robe (worn)
 I - a +0 pair of gloves of strength (worn)
Jewellery
 n - an uncursed amulet of faith
 w - an uncursed amulet of rage
Wands
 o - a wand of digging (16/24)
 p - a wand of scattershot (0/9)
 t - a wand of digging (10/24)
 y - a wand of clouds (0/9)
 D - a wand of random effects (25/48)
 G - a wand of flame (0/48)
 M - a wand of iceblast (4/15)
Scrolls
 c - 4 scrolls of magic mapping
 h - 7 scrolls of amnesia
 i - 4 scrolls of remove curse
 j - a scroll of fog
 k - a scroll of acquirement {unknown}
 r - 8 scrolls of teleportation
 s - a scroll of immolation
 v - a scroll of vulnerability {unknown}
 z - a scroll of random uselessness {unknown}
 A - 2 scrolls of recharging
 E - 2 scrolls of fear
 F - 2 scrolls of blinking {unknown}
 O - a scroll of identify
Books
 b - a book of Necromancy

   Spells                             Type                      Level
   a - Pain                           Necromancy                   1
   b - Animate Skeleton               Necromancy                   1
   c - Vampiric Draining              Necromancy                   3
   d - Regeneration                   Charms/Necromancy            3
   e - Animate Dead                   Necromancy                   4
   f - Control Undead                 Necromancy                   4
 u - a book of Cantrips

   Spells                             Type                      Level
   a - Confusing Touch                Hexes                        1
   b - Animate Skeleton               Necromancy                   1
   c - Summon Small Mammal            Summoning                    1
   d - Apportation                    Translocation                1
 C - a book of Flames

   Spells                             Type                      Level
   a - Flame Tongue                   Conjuration/Fire             1
   b - Throw Flame                    Conjuration/Fire             2
   c - Conjure Flame                  Conjuration/Fire             3
   d - Inner Flame                    Hexes/Fire                   3
   e - Sticky Flame                   Conjuration/Fire             4
   f - Fireball                       Conjuration/Fire             5
Miscellaneous
 d - an ornate deck of destruction
 q - a plain deck of escape {drawn: 2}
 x - a legendary deck of escape
 H - an ornate deck of destruction {drawn: 1}
 J - an ornate deck of escape
 K - a plain deck of summoning {drawn: 2}
 L - a legendary deck of summoning {drawn: 3}
 N - a plain deck of summoning


   Skills:
 + Level 10.8 Fighting
 - Level 2.3 Dodging
 - Level 1.5 Stealth
 - Level 5.2 Spellcasting
 - Level 12.4 Necromancy
 * Level 7.0 Invocations


You had 7 spell levels left.
You knew the following spells:

 Your Spells              Type           Power        Failure   Level  Hunger
a - Pain                  Necr           ####         1%          1    N/A
b - Animate Skeleton      Necr           N/A          1%          1    N/A
c - Vampiric Draining     Necr           #####.....   1%          3    N/A
d - Animate Dead          Necr           N/A          1%          4    N/A
e - Control Undead        Necr           #####.....   1%          4    N/A

Dungeon Overview and Level Annotations

Branches:
Dungeon (9/15)             Temple (0/1) D:4            Lair (3/6) D:9
  Swamp (0/4) Lair:2
  Snake: Lair:2-4    Spider: Lair:2-4       Orc: D:9-12

Altars:
Ashenzari
Dithmenos
Hepliaklqana
Makhleb
Nemelex Xobeh
Okawaru
Qazlal
Ru
Sif Muna
Trog
Uskayaw
Vehumet
Yredelemnul
The Shining One

Shops:
D:7 }   D:9 [

Annotations:
D:6 lupus83's ghost, novice GnFi
D:8 Erica


Innate Abilities, Weirdness & Mutations

You do not eat or drink.
Your flesh is vulnerable to fire.
You are immune to poison.
Your flesh is cold resistant. (rC+)
You are immune to negative energy. (rN+++)
You are immune to unholy pain and torment.
You can survive without breathing.


Message History

* * * LOW HITPOINT WARNING * * *
You swap places.
The killer bee stings you.
* * * LOW HITPOINT WARNING * * *
Your killer bee misses the killer bee.
The killer bee misses your killer bee.
Your killer bee closely misses the killer bee.
Your killer bee stings the swamp worm but does no damage.
Your killer bee closely misses the swamp worm.
The killer bee closely misses you.
Your killer bee barely misses the swamp worm.
Your killer bee stings the killer bee.
Your killer bee closely misses the killer bee.
The killer bee barely misses your killer bee.
Your killer bee barely misses the swamp worm.
The swamp worm misses your killer bee.
Your killer bee stings the killer bee!
The killer bee dies!
The killer bee's corpse disappears in a puff of smoke!
Your killer bee barely misses the killer bee.
The killer bee stings you!
You die...
Your body glows with a rainbow of weird colours and disappears.

#.!...#......#.#.....##....# #...
......#.......##..#.##.....###.##
......#......##..P..........####
......##....................#####
###.####.....≈≈≈≈≈≈≈.............
#.P...#....≈≈≈≈≈≈≈≈≈≈≈...........
..........≈≈≈#######≈≈≈..........
..........≈≈##§yyy≈#P≈≈..........
####.PP...≈≈#wyy@≈≈≈≈≈≈..........
..##..##P.≈≈##y≈≈≈≈#≈≈≈.....##.#.
.#.##..#..≈≈≈#######≈≈≈.....##.##
........#..≈≈≈≈≈≈≈≈≈≈≈......##...
.##.........≈≈≈≈≈≈≈≈#........#...
.##...#.....≈≈#.............##..#
##..........#P#.....#.P.....P#..#
##.....##...#####....#.......#.##
!##..###....######.####......#...


You could see a swamp worm, a killer bee and 5 friendly killer bees.

Vanquished Creatures
  A black mamba (Lair:1)
  Psyche (D:8)
  3 spiny frogs
  5 dream sheep (Lair:3)
  4 hippogriffs
  A blink frog (Lair:2)
  3 yaks (Lair:3)
  2 soldier ants (D:9)
  2 swamp worms (Lair:3)
  4 water moccasins
  A porcupine (Lair:2)
  5 ice beasts
  A necrophage (D:9)
  3 ogres
  A sky beast (D:7)
  A phantom (D:7)
  2 wolves (D:8)
  7 centaurs
  A crocodile (Lair:1)
  10 bullfrogs
  A gnoll sergeant (D:7)
  A scorpion (D:7)
  8 killer bees
  3 howler monkeys
  2 bullfrog zombies
  6 crimson imps
  A jelly (D:6)
  A hound (D:7)
  4 orc priests
  9 orc wizards
  3 iguanas
  6 hell rats (Lair:2)
  7 worker ants
  A hound skeleton (D:6)
  11 gnolls
  12 adders
  8 river rats (Lair:2)
  2 shadow imps
  3 adder zombies
  2 adder skeletons
  18 worms
  5 dart slugs
  5 leopard geckos
  27 orcs
  A ball python (D:2)
  2 giant cockroaches
  11 goblins
  9 hobgoblins
  5 jackals
  9 quokkas
  7 bats
  2 frilled lizards
  2 jackal skeletons
  7 kobolds
  A leopard gecko skeleton (D:5)
  16 rats
276 creatures vanquished.

Vanquished Creatures (collateral kills)
  Sonja (Lair:2)
  A centaur zombie (D:8)
  A spiny frog (Lair:1)
  2 komodo dragons (Lair:2)
  3 blink frogs (Lair:2)
  2 dream sheep (Lair:3)
  4 yaks
  Grum (D:8)
  A basilisk (Lair:3)
  An ice beast (D:6)
  A sky beast (D:6)
  An eye of draining (D:9)
  A wolf (D:8)
  A crocodile (Lair:2)
  A big kobold (D:9)
  A bullfrog (Lair:2)
  3 killer bees (D:9)
  A jelly (D:7)
  5 hell rats (Lair:2)
  A howler monkey skeleton (D:9)
  3 gnolls
  2 adders
  4 river rats (Lair:2)
  2 worms (Lair:3)
  An orc (D:7)
  2 kobolds (D:9)
  A quokka (Lair:2)
  A quokka skeleton (D:9)
  2 rats (Lair:2)
  A fungus (Lair:3)
  2 plants
54 creatures vanquished.

Vanquished Creatures (others)
  An orc warrior (D:6)
  A phantom (D:7)
  A wyvern skeleton (D:8)
  An orc wizard (D:6)
  An ufetubus (D:7)
  2 fungi (Lair:2)
  5 plants
  5 toadstools (D:1)
17 creatures vanquished.

Grand Total: 347 creatures vanquished

Notes
Turn   | Place    | Note
-------+----------+-------------------------------------------
     0 | D:1      | Drevant the Mummy Necromancer began the quest for the Orb.
     0 | D:1      | Reached XP level 1. HP: 13/13 MP: 4/4
   188 | D:1      | Learned a level 1 spell: Animate Skeleton
   223 | D:1      | Reached XP level 2. HP: 20/20 MP: 1/5
   863 | D:1      | Reached skill level 1 in Fighting
  1298 | D:2      | Reached XP level 3. HP: 26/26 MP: 0/7
  1782 | D:2      | Found a burning altar of Makhleb.
  1783 | D:2      | Found a hazy altar of Hepliaklqana.
  1783 | D:2      | Found a sacrificial altar of Ru.
  1784 | D:2      | Found a sparkling altar of Nemelex Xobeh.
  1785 | D:2      | Found an iron altar of Okawaru.
  1820 | D:2      | Reached skill level 5 in Necromancy
  1850 | D:2      | Became a worshipper of Nemelex Xobeh the Trickster
  1894 | D:2      | Reached XP level 4. HP: 33/33 MP: 5/8
  2066 | D:2      | Received a gift from Nemelex Xobeh
  2451 | D:2      | Learned a level 3 spell: Vampiric Draining
  2561 | D:3      | Found a radiant altar of Vehumet.
  2954 | D:3      | Reached XP level 5. HP: 36/39 MP: 3/9
  3006 | D:3      | Reached * piety under Nemelex Xobeh
  3027 | D:3      | Reached skill level 6 in Necromancy
  3116 | D:3      | Found a glowing golden altar of the Shining One.
  3331 | D:3      | Found a basalt altar of Yredelemnul.
  3393 | D:3      | Noticed an angel
  3426 | D:4      | Received a gift from Nemelex Xobeh
  3530 | D:4      | Reached XP level 6. HP: 34/47 MP: 5/10
  3718 | D:4      | Found a bloodstained altar of Trog.
  3718 | D:4      | Found a deep blue altar of Sif Muna.
  4172 | D:4      | Reached skill level 7 in Necromancy
  4414 | D:4      | Received a gift from Nemelex Xobeh
  4435 | D:4      | Found a staircase to the Ecumenical Temple.
  4659 | D:5      | Entered Level 5 of the Dungeon
  4681 | D:5      | Noticed an ice beast
  4784 | D:5      | Noticed an ice beast
  4858 | D:5      | Killed an ice beast
  4858 | D:5      | Reached XP level 7. HP: 45/54 MP: 3/11
  5046 | D:5      | Reached ** piety under Nemelex Xobeh
  5692 | D:6      | Reached skill level 8 in Necromancy
  5979 | D:6      | Noticed lupus83's ghost (novice GnFi)
  6121 | D:6      | Reached skill level 5 in Fighting
  6125 | D:6      | Reached XP level 8. HP: 62/62 MP: 9/12
  6192 | D:6      | Reached skill level 9 in Necromancy
  6254 | D:6      | Found a stormy altar of Qazlal.
  6868 | D:7      | Received a gift from Nemelex Xobeh
  8229 | D:7      | Learned a level 4 spell: Animate Dead
  8267 | D:7      | Reached skill level 10 in Necromancy
  8537 | D:7      | Reached XP level 9. HP: 61/71 MP: 8/13
  8601 | D:7      | Reached *** piety under Nemelex Xobeh
  9094 | D:7      | Received a gift from Nemelex Xobeh
  9468 | D:7      | Found Bygudgh's Gadget Shoppe.
  9885 | D:7      | Reached skill level 11 in Necromancy
 10056 | D:7      | Found a shattered altar of Ashenzari.
 10195 | D:8      | Noticed Grum
 10355 | D:8      | Noticed Psyche
 10378 | D:8      | Noticed a hand axe
 10380 | D:8      | Found a hide-covered altar of Uskayaw.
 10381 | D:8      | Noticed an enchanted dagger
 11287 | D:8      | Received a gift from Nemelex Xobeh
 11553 | D:8      | Killed Grum
 11574 | D:8      | Killed Psyche
 11574 | D:8      | Reached skill level 12 in Necromancy
 11744 | D:8      | Reached XP level 10. HP: 58/80 MP: 4/14
 12645 | D:8      | Noticed Erica
 12690 | D:9      | Found a shadowy altar of Dithmenos.
 12806 | D:9      | Received a gift from Nemelex Xobeh
 12827 | D:9      | Learned a level 4 spell: Control Undead
 13166 | D:9      | Found Cixzirorr's Armour Shoppe.
 13512 | D:9      | Found a staircase to the Lair.
 13586 | D:9      | Reached **** piety under Nemelex Xobeh
 13628 | D:9      | Reached skill level 5 in Spellcasting
 13854 | D:9      | Received a gift from Nemelex Xobeh
 14139 | D:9      | Bought a +0 pair of gloves of strength for 172 gold pieces
 14543 | Lair:1   | Entered Level 1 of the Lair of Beasts
 14588 | Lair:1   | Received a gift from Nemelex Xobeh
 14640 | Lair:1   | Reached skill level 1 in Invocations
 15080 | Lair:1   | Received a gift from Nemelex Xobeh
 15082 | Lair:1   | Noticed a black mamba
 15092 | Lair:1   | Killed a black mamba
 15334 | Lair:1   | Noticed a spiny frog
 15350 | Lair:1   | Killed a spiny frog
 15396 | Lair:1   | Noticed a spiny frog
 15456 | Lair:1   | Killed a spiny frog
 15812 | Lair:2   | Reached skill level 10 in Fighting
 15821 | Lair:2   | Reached XP level 11. HP: 90/90 MP: 12/18
 16049 | Lair:2   | Found a staircase to the Swamp.
 16103 | Lair:2   | Received a gift from Nemelex Xobeh
 16195 | Lair:2   | Reached ***** piety under Nemelex Xobeh
 16611 | Lair:2   | Noticed Sonja
 16636 | Lair:2   | Cast into level 1 of the Abyss (Sonja)
 16645 | Lair:2   | Escaped the Abyss
 16646 | Lair:2   | Killed Sonja
 16646 | Lair:2   | Reached skill level 5 in Invocations
 18613 | Lair:3   | Received a gift from Nemelex Xobeh
 19189 | Lair:3   | Received a gift from Nemelex Xobeh
 19784 | Lair:3   | HP: 3/92 [killer bee[the player character] (7)]
 19785 | Lair:3   | Slain by a killer bee

Vault maps used:
D:1:      ldierk_walled_garden
D:2:      cheibrodos_old_hovel, grunt_temple_overflow_open, first_bread
D:3:      grunt_temple_overflow_holy_war, lemuel_round_altar, serial_forest,
          infiniplex_forest_clump_cross, infiniplex_forest_corner_1,
          infiniplex_forest_straight_2, infiniplex_forest_zigzag_1,
          infiniplex_forest_fountain, infiniplex_forest_zigzag_2,
          infiniplex_forest_clump_C, infiniplex_forest_clump_diagonal,
          infiniplex_forest_end_1
D:4:      gammafunk_temple_overflow_wave, minmay_temple_entry_statues_fountains
D:5:      serial_bayou_lake_a
D:6:      nicolae_overflow_crystal_walls
D:7:      serial_shops, kennysheep_mini_moat, lemuel_centaur_altar
D:8:      dancing_weapons_uskayaw, uniq_erica, uniq_grum, uniq_psyche
D:9:      lemuel_doored_altar, lair_entry_dummy, serial_shops,
          nicolae_shop_stone, hangedman_pestilent_swarm
Lair:2:   lemuel_ratsnest, swamp_mist, uniq_sonja
Lair:3:   worms_lemuel

Skill      XL: |  1  2  3  4  5  6  7  8  9 10 11 |
---------------+----------------------------------+-----
Spellcasting   | 3 5 |  5.2
Fighting       | 1 2 3 4 5 6 8 10 | 10.8
Necromancy     | 5 6 7 8 10 12 | 12.4
Dodging        | 2 |  2.3
Invocations    | 4 7 |  7.0
Stealth        | |  1.5

Action                   |  1- 3 |  4- 6 |  7- 9 | 10-12 || total
-------------------------+-------+-------+-------+-------++-------
Melee: Unarmed           |     1 |       |       |       ||     1
       Dagger            |     4 |    38 |   170 |   342 ||   554
Throw: Stone             |       |       |     2 |       ||     2
 Cast: Pain              |    66 |   166 |   211 |   193 ||   636
       Animate Skeleton  |     2 |    14 |     8 |     3 ||    27
       Vampiric Draining |       |     4 |    33 |    64 ||   101
       Animate Dead      |       |       |     1 |     8 ||     9
Evoke: Deck              |       |     6 |    18 |    30 ||    54
       Wand              |       |       |     5 |     6 ||    11
  Use: Scroll            |       |     8 |     9 |     1 ||    18
 Stab: Sleeping          |     1 |     1 |       |       ||     2
       Distracted        |       |       |     1 |     2 ||     3
Armor: Robe              |     1 |     7 |    58 |    86 ||   152
Dodge: Dodged            |    10 |    78 |   195 |   275 ||   558

Table legend:
 A = Spawn XP
 B = Non-spawn XP
 C = Spawn XP percentage of total XP
 D = Spawn monster count
 E = Non-spawn monster count
 F = Spawn count percentage of total count
 G = Total turns spent on level
                    A         B        C        D         E        F      G
               +---------+---------+-------+---------+---------+-------+---------
         Total |       0 |   16796 |   0.0 |       0 |     332 |   0.0 | 19785
               +---------+---------+-------+---------+---------+-------+---------
           D:1 |       0 |      36 |   0.0 |       0 |      20 |   0.0 |  1120
           D:2 |       0 |     106 |   0.0 |       0 |      22 |   0.0 |  1433
           D:3 |       0 |     210 |   0.0 |       0 |      28 |   0.0 |   961
           D:4 |       0 |     351 |   0.0 |       0 |      22 |   0.0 |  1145
           D:5 |       0 |     442 |   0.0 |       0 |      18 |   0.0 |  1528
           D:6 |       0 |     846 |   0.0 |       0 |      21 |   0.0 |  1766
           D:7 |       0 |    1868 |   0.0 |       0 |      44 |   0.0 |  2357
           D:8 |       0 |    2366 |   0.0 |       0 |      24 |   0.0 |  2363
           D:9 |       0 |    2258 |   0.0 |       0 |      40 |   0.0 |  1870
        Lair:1 |       0 |    1650 |   0.0 |       0 |       7 |   0.0 |  1161
        Lair:2 |       0 |    2909 |   0.0 |       0 |      53 |   0.0 |  2438
        Lair:3 |       0 |    3754 |   0.0 |       0 |      33 |   0.0 |  1634
               +---------+---------+-------+---------+---------+-------+---------
